 Dungeon Crawl Stone Soup version 0.31-a0-1352-gc98d92de7d (webtiles) character file.

Game seed: 2601800477406570430

271 dorian the Ruffian (level 6, -4/46 HPs)
             Began as an Armataur Shapeshifter on Dec 22, 2023.
             Slain by an ice beast (6 damage)
             ... on level 4 of the Dungeon.
             The game lasted 00:04:56 (2309 turns).

dorian the Ruffian (Armataur Shapeshifter)          Turns: 2309, Time: 00:04:57

Health: -4/46      AC:  4    Str: 19    XL:     6   Next: 2%
Magic:  6/6        EV:  9    Int: 11    God:
Gold:   163        SH:  0    Dex: 11    Spells: 5/5 levels left

rFire   + +          .
                       - Unarmed
rCold   . . .        (no shield)
rNeg    . . .        a - +0 animal skin
rPois   .            (helmet currently unavailable)
rElec   .            (cloak currently unavailable)
rCorr   .            (gloves currently unavailable)
SInv    .            (no barding)
Will    .....        (no amulet)
Stlth   +            b - ring of protection from fire
HPRegen 0.27/turn    e - ring of protection from fire
MPRegen 0.10/turn

%: roll
@: beast-form
A: beast (slay +2), large, deformed body, tough skin 3, armoured tail, roll 1
a: Begin Untransformation


You were on level 4 of the Dungeon.
You were a hulking beast.
You visited 1 branch of the dungeon, and saw 4 of its levels.

You collected 163 gold pieces.

Inventory:

Missiles
 f - 5 boomerangs
Armour
 a - a +0 animal skin (worn)
 k - a +0 helmet
Jewellery
 b - a ring of protection from fire (left hand)
 e - a ring of protection from fire (right hand)
 g - an amulet of faith
Talismans
 c - a beast talisman
 d - a flux talisman
Scrolls
 h - a scroll of enchant weapon
Potions
 i - a potion of brilliance {unknown}
 j - a potion of degeneration {unknown}
 l - a potion of cancellation
 o - a potion of curing


   Skills:
 - Level 0.8 Fighting
 - Level 1.3 Dodging
 + Level 4.7 Unarmed Combat
 + Level 4.4 Shapeshifting


You had 5 spell levels left.
You didn't know any spells.
Your spell library was empty.

Dungeon Overview and Level Annotations

Branches:
Dungeon (4/15)
 Temple: D:4-7

Altars:


Innate Abilities, Weirdness & Mutations

You are a hulking beast.
Your limbs bulge with bestial killing power. (Slay +2)
Armour fits poorly on your strangely shaped body.
You have extremely tough skin. (AC +3)
You have a long armoured tail.
You regenerate magic when rolling toward enemies. (Rampage MPRegen)


Message History

You kill the kobold!
You barely miss the ice beast.
You tail-slap the ice beast, but do no damage.
The ice beast closely misses you.
You barely miss the ice beast. You tail-slap the ice beast.
The ice beast is lightly wounded.
The ice beast hits you. The ice beast freezes you!
You hit the ice beast. Your punch misses the ice beast.
The ice beast is moderately wounded.
The ice beast hits you but does no damage.
You barely miss the ice beast.
You punch the ice beast, but do no damage.
The ice beast is moderately wounded.
The ice beast hits you. The ice beast freezes you!
You punch the ice beast!
You tail-slap the ice beast, but do no damage.
The ice beast is heavily wounded.
The ice beast hits you but does no damage.
You hit the ice beast. Your punch misses the ice beast.
The ice beast is heavily wounded.
The ice beast hits you but does no damage.
You hit the ice beast but do no damage.
The ice beast is heavily wounded.
You barely miss the ice beast.
The ice beast is heavily wounded.
The ice beast hits you.
* * * LOW HITPOINT WARNING * * *
The ice beast freezes you!
* * * LOW HITPOINT WARNING * * *
Unknown command.
Okay, then.
You hit the ice beast.
The ice beast is severely wounded.
The ice beast hits you but does no damage.
You barely miss the ice beast.
The ice beast is severely wounded.
The ice beast hits you.
* * * LOW HITPOINT WARNING * * *
The ice beast freezes you.
You die...

#.# #.# .≈.≈.≈. #.#
.≈⌠≈. ##########.##
≈.≈.≈ #........#..#
≈.≈ #......#....#
... #......'..).##
#'# #......##....#
#Y##
##'#....#....###h.#
...#....#.........#
...#....#.........#
...#....#.........#
...#....#.........#
...#....#.........#
####....##+##.#####
.....#+## #.#
<....# ...


You could see an ice beast.

Vanquished Creatures
  An orc priest (D:3)
  An iguana (D:4)
  3 orc wizards (D:3)
  Robin (D:3)
  2 adders (D:2)
  3 worms
  2 dart slugs
  11 orcs (D:3)
  4 ball pythons
  3 endoplasms
  4 giant cockroaches
  13 goblins
  11 hobgoblins
  2 quokkas
  6 bats
  6 frilled lizards
  10 kobolds
  3 rats
86 creatures vanquished.

Vanquished Creatures (others)
  A goblin (D:3)
1 creature vanquished.

Grand Total: 87 creatures vanquished

Notes
Turn   | Place    | Note
-------+----------+-------------------------------------------
     0 | D:1      | dorian the Armataur Shapeshifter began the quest for the
                  | Orb.
     0 | D:1      | Reached XP level 1. HP: 15/15 MP: 1/1
   220 | D:1      | Reached XP level 2. HP: 20/22 MP: 2/2
   898 | D:2      | Reached XP level 3. HP: 10/27 MP: 3/3
  1217 | D:2      | Reached XP level 4. HP: 34/34 MP: 4/4
  1321 | D:2      | You fall into a shaft and drop 1 floor!
  1406 | D:3      | Reached XP level 5. HP: 11/39 MP: 5/5
  1418 | D:3      | Noticed Robin
  1472 | D:3      | Killed Robin
  1927 | D:3      | Found a faded altar of an unknown god.
  2155 | D:4      | Reached XP level 6. HP: 18/46 MP: 6/6
  2292 | D:4      | Noticed an ice beast
  2309 | D:4      | HP: 2/46 [ice beast (1)]
  2309 | D:4      | Slain by an ice beast

Illustrated notes

Levels and vault maps discovered:
D:1:      dpeg_arrival_morbid_curiosity, layout_basic
D:2:      layout_rooms
D:3:      layout_rooms, nicolae_ecumenical_lake_church, uniq_robin
D:4:      layout_gridville, grunt_qazlal_sundering, grunt_decor_mini_mirrors,
          kennysheep_generic_room_9, uniq_blork_the_orc

Skill      XL: |  1  2  3  4  5 |
---------------+----------------+-----
Unarmed Combat | 3 4 |  4.7
Shapeshifting  | 3 4 |  4.4
Fighting       | |  0.8
Dodging        | |  1.3

Action                     |  1- 3 |  4- 6 || total
---------------------------+-------+-------++-------
  Melee: Unarmed           |   100 |   123 ||   223
         Tailslap          |    11 |    12 ||    23
         Punch             |     1 |     4 ||     5
    Use: Potion            |       |     5 ||     5
         Scroll            |       |     4 ||     4
   Stab: Distracted        |     1 |       ||     1
 Armour: Animal skin       |    67 |    79 ||   146
         Skin              |       |    40 ||    40
  Dodge: Dodged            |    36 |    48 ||    84

Table legend: (Time is in decaauts)
 A = Elapsed time spent in this place.
 B = Non-inter-level travel time spent in this place.
 C = Inter-level travel time spent in this place.
 D = Time resting spent in this place.
 E = Time spent auto-exploring this place.
 F = Levels seen in this place.
 G = Mean time per level.
                   A        B        C        D        E       F      G
               +--------+--------+--------+--------+--------+-----+--------+
         Total |   2293 |   2169 |    124 |      0 |   1666 |   4 |  573.2 |
       Dungeon |   2293 |   2169 |    124 |      0 |   1666 |   4 |  573.2 |
               +--------+--------+--------+--------+--------+-----+--------+

Top non-repeatable levels by time:
     D:1: 880 daAuts
     D:3: 679 daAuts
     D:2: 558 daAuts
     D:4: 175 daAuts
